 Dungeon Crawl Stone Soup version 0.13-a0-3016-gcb2faac (webtiles) character file.

1301 PolkaDot the Stinger (level 8, -1/52 HPs)
             Began as a Vampire Venom Mage on Sept 11, 2013.
             Was a Follower of Vehumet.
             Slain by an orc warrior
             ... wielding a +0,+0 orcish long sword
              (22 damage)
             ... on Level 6 of the Dungeon.
             The game lasted 00:30:50 (5607 turns).

PolkaDot the Stinger (Vampire Venom Mage)           Turns: 5607, Time: 00:30:50

HP  -1/52        AC  8     Str  7      XL: 8   Next:  3%
MP  17/19        EV 12     Int 19      God: Vehumet [*.....]
Gold 272         SH  0     Dex 13 (14) Spells:  5 memorised,  5 levels left

Res.Fire  : + . .   See Invis. : +   l - +1,+2 spear (slay drac)
Res.Cold  : . . .   Warding    : .   a - +1 robe
Life Prot.: . . .   Conserve   : .   (no shield)
Res.Poison: .       Res.Corr.  : .   (no helmet)
Res.Elec. : +       Clarity    : .   (no cloak)
Sust.Abil.: . .     Spirit.Shd : .   (no gloves)
Res.Mut.  : .       Stasis     : .   k - +4 pair of boots of the King of the Hill { Res.Rott. : . Flight : . (no amulet) Saprovore : . . . A - ring of wizardry u - ring of see invisible

@: regenerating quickly, mildly poisoned, somewhat resistant to hostile
enchantments, stealthy
A: bottle blood, fangs 3, see invisible, unbreathing
a: Bottle Blood, Renounce Religion, Evoke Blink, Evoke Berserk Rage


You were on level 6 of the Dungeon.
You worshipped Vehumet.
Vehumet was most pleased with you.
You were full.

You visited 2 branches of the dungeon, and saw 7 of its levels.

You collected 252 gold pieces.

Inventory:

Hand weapons
 l - a +1,+2 spear of dragon slaying (weapon)
Armour
 a - a +1 robe (worn)
 k - the +4 pair of boots of the King of the Hill (worn) {+Blink +Rage rElec rF+}
   (You found it on level 4 of the Dungeon)

   It protects you from fire.
   It insulates you from electricity.
   It lets you blink.
   It lets you go berserk.
Magical devices
 n - a wand of digging (24)
 w - a wand of cold (3) {unknown}
Scrolls
 c - a scroll of enchant weapon II
 d - a scroll of teleportation
 g - 3 scrolls of enchant weapon I
 q - 5 scrolls of remove curse
 y - a scroll of enchant armour
Jewellery
 f - an uncursed ring of hunger
 r - an uncursed ring of hunger
 u - a ring of see invisible (left hand)
 A - a ring of wizardry (right hand)
Potions
 e - a potion of paralysis
 h - 2 potions of confusion
 i - 2 potions of might
 j - 2 potions of restore abilities
 m - a potion of magic {unknown}
 o - 2 potions of speed
 p - a potion of curing
 t - a potion of berserk rage {unknown}
 v - a potion of heal wounds {unknown}
 x - 2 potions of agility {unknown}
 z - a potion of flight {unknown}
Books
 b - a Young Poisoner's Handbook

   Spells                             Type                      Level
   *Sting                             Conjuration/Poison           1
   *Cure Poison                       Poison                       2
   *Mephitic Cloud                    Conjuration/Poison/Air       3
   *Olgreb's Toxic Radiance           Poison                       4
   Venom Bolt                         Conjuration/Poison           5
 s - a book of Debilitation

   Spells                             Type                      Level
   Corona                             Hexes                        1
   Slow                               Hexes                        2
   Inner Flame                        Hexes/Fire                   3
   Enslavement                        Hexes                        4
   Cause Fear                         Hexes                        4
   Leda's Liquefaction                Hexes/Earth                  4


   Skills:
 - Level 2.1 Dodging
 - Level 3.0 Stealth
 + Level 4.6 Spellcasting
 + Level 1.8 Air Magic
 * Level 7.8 Poison Magic


You had 5 spell levels left.
You knew the following spells:

 Your Spells              Type           Power        Failure   Level  Hunger
a - Sting                 Conj/Pois      ###.         1%          1    None
d - Mephitic Cloud        Conj/Pois/Air  ###.....     4%          3    ###....
q - Cure Poison           Pois           ####......   1%          2    #......
s - Olgreb's Toxic Radia  Pois           ####....     3%          4    ####...
z - Freeze                Ice            #...         5%          1    None


Dungeon Overview and Level Annotations

Branches:
Dungeon (6/27)             Temple (1/1) D:4
    Orc: D:6-11

Altars:
Kikubaaqudgha
Sif Muna
Trog
Vehumet
Xom
Yredelemnul

Annotations:
D:4 Yermak's ghost, average SpIE


Innate Abilities, Weirdness & Mutations

Your natural rate of healing is unusually fast.
You can bottle blood from corpses.
You have razor-sharp teeth.*
You have supernaturally acute eyesight.
You can survive without breathing.*


Message History

You closely miss the orc warrior.
The orc warrior is moderately wounded.
You feel sick.
The orc warrior hits you with an orcish long sword!
You barely miss the orc wizard.
The orc wizard is almost dead.
You feel sick.
You feel a little better.
The orc wizard hits you but does no damage.
The orc warrior completely misses you.
You barely miss the orc wizard.
The orc wizard is almost dead.
You kill the orc wizard!
Vehumet accepts your kill.
You feel your power returning. The orc warrior misses you.
You barely miss the orc warrior.
You bite the orc warrior, but do no damage.
The orc warrior is moderately wounded.
The orc warrior hits you with an orcish long sword!
You die...

.............. ...
.....................
................!.....
.......................
........................
...................o....
..........#..!..........
.........###....o).......
..........#.....@........
..))...........%........[
...............?.........
.........................
.........................
........................
........................
........................
.......................


You could see an orc warrior and an orc.

Vanquished Creatures
  A sky beast (D:5)
  3 ogres
  A phantom (D:5)
  A gnoll sergeant (D:5)
  A quasit (D:6)
  2 hounds (D:5)
  A jelly (D:5)
  3 orc wizards
  3 worker ants
  An ogre skeleton (D:6)
  Terence (D:2)
  2 worker ant zombies (D:5)
  6 adders
  4 gnolls (D:5)
  A worm (D:3)
  An adder zombie (D:6)
  5 giant geckos
  An ooze (D:3)
  10 orcs
  9 giant cockroaches
  10 goblins
  6 hobgoblins
  21 jackals
  6 kobolds
  A quokka (D:4)
  3 ball pythons
  14 bats
  3 giant newts
  A hobgoblin skeleton (D:5)
  9 rats
131 creatures vanquished.

Vanquished Creatures (others)
  A goblin (D:5)
1 creature vanquished.

Grand Total: 132 creatures vanquished

Notes
Turn   | Place    | Note
--------------------------------------------------------------
     0 | D:1      | PolkaDot, the Vampire Venom Mage, began the quest for the Orb.
     0 | D:1      | Reached XP level 1. HP: 13/13 MP: 4/4
   643 | D:1      | Reached XP level 2. HP: 17/19 MP: 5/5
  1175 | D:2      | Learned a level 2 spell: Cure Poison
  1195 | D:2      | Reached skill level 4 in Poison Magic
  1270 | D:2      | Noticed Terence
  1423 | D:2      | Reached XP level 3. HP: 20/24 MP: 2/7
  1508 | D:2      | Killed Terence
  2336 | D:2      | Reached XP level 4. HP: 30/30 MP: 9/9
  2578 | D:3      | Learned a level 4 spell: Olgreb's Toxic Radiance
  2645 | D:3      | Found an ancient bone altar of Kikubaaqudgha.
  2843 | D:3      | Found a bloodstained altar of Trog.
  3240 | D:4      | Found a radiant altar of Vehumet.
  3242 | D:4      | Found a shimmering altar of Xom.
  3280 | D:4      | Reached skill level 5 in Poison Magic
  3300 | D:4      | Noticed an ogre
  3536 | D:4      | Noticed Yermak's ghost (average SpIE)
  3616 | D:4      | Became a worshipper of Vehumet
  3650 | D:4      | Found a staircase to the Ecumenical Temple.
  3665 | D:4      | Reached XP level 5. HP: 9/35 MP: 8/11
  3676 | Temple   | Entered the Ecumenical Temple
  3814 | D:4      | Got a pair of encrusted boots
  3817 | D:4      | Identified the +4 pair of boots of the King of the Hill {+Blink +Rage rElec rF+} (You found it on level 4 of the Dungeon)
  3912 | D:5      | Entered Level 5 of the Dungeon
  4107 | D:5      | Noticed a sky beast
  4117 | D:5      | Killed a sky beast
  4117 | D:5      | Reached skill level 6 in Poison Magic
  4117 | D:5      | Reached XP level 6. HP: 35/41 MP: 1/14
  4123 | D:5      | Learned a level 3 spell: Mephitic Cloud
  4417 | D:5      | Acquired Vehumet's first power
  4417 | D:5      | Offered knowledge of Freeze by Vehumet.
  4507 | D:5      | Found a shimmering altar of Xom.
  4528 | D:5      | Noticed a phantom
  4565 | D:5      | Noticed an ogre
  4767 | D:5      | Learned a level 1 spell: Freeze
  4818 | D:5      | Killed an ogre
  4818 | D:5      | Reached XP level 7. HP: 22/46 MP: 13/16
  5106 | D:5      | Killed a phantom
  5106 | D:5      | Reached skill level 7 in Poison Magic
  5384 | D:6      | Reached skill level 1 in Air Magic
  5590 | D:6      | Reached XP level 8. HP: 50/52 MP: 19/19
  5607 | D:6      | Slain by an orc warrior

Action                   |  1- 3 |  4- 6 |  7- 9 || total
-------------------------+-------+-------+-------++-------
Melee: Unarmed           |    11 |       |       ||    11
       Short sword       |    12 |       |       ||    12
       Spear             |    74 |   133 |   158 ||   365
 Cast: Sting             |    32 |    72 |    28 ||   132
       Cure Poison       |     1 |     2 |     3 ||     6
       Olgreb's Toxic Ra |       |     3 |     4 ||     7
       Mephitic Cloud    |       |     2 |     1 ||     3
       Freeze            |       |       |     3 ||     3
 Abil: Evoke Blink       |       |     1 |       ||     1
       Bottle Blood      |       |       |     7 ||     7
  Use: Potion            |     1 |     2 |     4 ||     7
       Scroll            |       |    15 |     1 ||    16
 Stab: Sleeping          |     4 |    10 |     3 ||    17
